[ PARTIDA AOE2 · #513674122 ]
UnrankedPersas vs Portuguese
Equipo del jugador · VICT
[ ANÁLISIS DE REPETICIÓN · EXTRAÍDO DE LA PARTIDA GRABADA ]
Feudal
—
Castillos
—
Imperial
—
| APM promedio | 23.2 |
| APM pico | 44 |
| eAPM promedio | 9.0 |
| Aldeanos / militares | 18 / 0 |
Foco
⚔️ 14.6% · 🌾 85.4%
Feudal
—
Castillos
—
Imperial
—
| APM promedio | 50.2 |
| APM pico | 81 |
| eAPM promedio | 17.8 |
| Aldeanos / militares | 22 / 0 |
Foco
⚔️ 11.3% · 🌾 88.7%
Mapa de la partida
Recursos iniciales + cada clic de construcción. Líneas = muros · curvas = relieve. ◆ oro · ⬟ piedra · ● bayas · ✦ reliquia · ◌ hueco del cierre
Tu base
Base de KICKcatcatgg
Terreno inicial suavizado · ◌ = hueco del cierre detectado · pasá el cursor para detalles
Inputs por minuto
— MITOELMEJOR - - KICKcatcatgg
Build order — MITOELMEJOR
23 acciones detectadas en el replay
| 0:02 | Construir | House |
| 0:03 | Construir | House |
| 0:05 | Construir | House |
| 0:06 | Encolar | Villager (Male) |
| 0:06 | Encolar | Villager (Male) |
| 0:06 | Encolar | Villager (Male) |
| 0:06 | Encolar | Villager (Male) |
| 0:07 | Encolar | Villager (Male) |
| 0:07 | Encolar | Villager (Male) |
| 1:29 | Encolar | Villager (Male) |
| 1:29 | Encolar | Villager (Male) |
| 2:18 | Encolar | Villager (Male) |
| 2:18 | Encolar | Villager (Male) |
| 2:36 | Encolar | Villager (Male) |
| 3:15 | Encolar | Villager (Male) |
| 3:16 | Encolar | Villager (Male) |
| 3:16 | Encolar | Villager (Male) |
| 3:54 | Encolar | Villager (Male) |
| 3:55 | Encolar | Villager (Male) |
| 3:58 | Investigar | Loom |
| 3:58 | Encolar | Villager (Male) |
| 3:58 | Encolar | Villager (Male) |
| 5:27 | Construir | Town Center |
Build order — KICKcatcatgg
27 acciones detectadas en el replay
| 0:00 | Encolar | Villager (Male) |
| 0:00 | Encolar | Villager (Male) |
| 0:03 | Construir | House |
| 0:04 | Construir | House |
| 0:11 | Encolar | Villager (Male) |
| 0:11 | Encolar | Villager (Male) |
| 0:11 | Encolar | Villager (Male) |
| 1:23 | Encolar | Villager (Male) |
| 1:24 | Encolar | Villager (Male) |
| 1:52 | Encolar | Villager (Male) |
| 1:55 | Construir | Lumber Camp |
| 2:30 | Encolar | Villager (Male) |
| 2:31 | Encolar | Villager (Male) |
| 3:21 | Encolar | Villager (Male) |
| 3:21 | Encolar | Villager (Male) |
| 3:21 | Encolar | Villager (Male) |
| 3:49 | Construir | House |
| 3:50 | Construir | House |
| 4:13 | Encolar | Villager (Male) |
| 4:13 | Encolar | Villager (Male) |
| 4:14 | Encolar | Villager (Male) |
| 5:05 | Encolar | Villager (Male) |
| 5:05 | Encolar | Villager (Male) |
| 5:05 | Encolar | Villager (Male) |
| 5:14 | Encolar | Villager (Male) |
| 5:14 | Encolar | Villager (Male) |
| 5:14 | Encolar | Villager (Male) |
Cronología de la partida
| 5:54 | KICKcatcatgg · resign |
[ ANÁLISIS IA · 1 CRÉDITO ]
¿Qué pasó realmente en esta partida?
Wolo.gg analiza cada decisión: build order, eco, micro, errores típicos por bracket. Análisis personalizado por WhatsApp o Discord en 30 segundos.
Guía civ
Persas
Perfil
MITOELMEJOR